 Dungeon Crawl Stone Soup version 0.18-a0-1430-g9c1b2fb (webtiles) character file.

36 Geeful the Firebug (level 3, 26/26 HPs)
             Began as a Draconian Fire Elementalist on Feb 27, 2016.
             Got out of the dungeon alive.
             The game lasted 00:04:12 (1487 turns).

Geeful the Firebug (Draconian Fire Elementalist)    Turns: 1487, Time: 00:04:12

Health: 26/26      AC:  5    Str: 10    XL:     3   Next: 19%
Magic:  6/6        EV: 12    Int: 16    God:
Gold:   68         SH:  0    Dex: 11    Spells: 1 memorised, 5 levels left

rFire  . . .     SeeInvis .     e - +0 short sword
rCold  . . .     Gourm    .     (armour unavailable)
rNeg   . . .     Faith    .     (no shield)
rPois  .         Spirit   .     (helmet restricted)
rElec  .         Dismiss  .     (no cloak)
rCorr  .         Reflect  .     (no gloves)
SustAt .         Harm     .     (no boots)
MR     .....                    (no amulet)
Stlth  ++........               (no ring)
                                (no ring)

@: not resistant to hostile enchantments, unstealthy
A: unfitting armour, cold-blooded, AC +5
a: no special abilities


You escaped.
You were not hungry.

You visited 1 branch of the dungeon, and saw 1 of its levels.

You collected 68 gold pieces.

Inventory:

Hand Weapons
 e - a +0 short sword (weapon)
Missiles
 c - 44 stones (quivered)
Scrolls
 d - 2 scrolls of enchant weapon {unknown}
 h - 2 scrolls of identify {unknown}
 i - a scroll of random uselessness {unknown}
 j - a scroll of fog {unknown}
 m - a scroll of amnesia {unknown}
Potions
 g - a potion of invisibility {unknown}
 l - a potion of cure mutation {unknown}
 n - a potion of flight {unknown}
Books
 a - a book of Flames

   Spells                             Type                      Level
   a - Flame Tongue                   Conjuration/Fire             1
   b - Throw Flame                    Conjuration/Fire             2
   c - Conjure Flame                  Conjuration/Fire             3
   d - Inner Flame                    Hexes/Fire                   3
   e - Sticky Flame                   Conjuration/Fire             4
   f - Fireball                       Conjuration/Fire             5
Comestibles
 b - 2 bread rations
 f - 2 meat rations


   Skills:
 - Level 1.8 Dodging
 - Level 1.8 Stealth
 + Level 2.3 Spellcasting
 + Level 1.8 Conjurations
 + Level 3.6 Fire Magic


You had 5 spell levels left.
You knew the following spells:

 Your Spells              Type           Power        Failure   Level  Hunger
a - Flame Tongue          Conj/Fire      ##...        10%         1    #......


Dungeon Overview and Level Annotations

Branches:
Dungeon (1/15)

Altars:


Innate Abilities, Weirdness & Mutations

Your plain brown scales are hard (AC +5).
Your body does not fit into most forms of armour.
You are cold-blooded and may be slowed by cold attacks.


Message History

All of the chunks of flesh in your inventory have rotted away.
c - 42 stones (gained 2)
A rat comes into view.
The rat moves out of view.
The rat is too close now for your liking.
Casting: Flame Tongue
Confirm with . or Enter, or press ? or * to list all spells.
Aiming: Flame Tongue
Press: ? - help, Shift-Dir - straight line, f - rat
Aim: a rat The flame tongue hits the rat.
You kill the rat!
c - 43 stones (gained 1)
c - 44 stones (gained 1) Done exploring.
You see here a dagger.
There is an open door here.
There is a staircase leading out of the dungeon here.
Are you sure you want to leave the Dungeon?
This will make you lose the game!
You have escaped!

#...###.#####.##
#########..##.## #....#
#..............###.#.###
#.#######..........#...####
##########.###########....)
#.#.#.#.#.#.#.# #..#.##
#'#'#†#'#'#'#†# ####.#
####.#.#.#.#.#.#.#### #.#
#.'.......@.......'.####.#
####.#.#.#.#.#.#^####.##.#
#'#'#'#'#'#'#'# #.##.#
#.#.#.#.#.#.#.# #.##.#
#####################.##.#
#......# #.#.##.# #.######
#.#.##.## #.# #######
#.#.##... #.# #.....#
#.#.#####


There were no monsters in sight!

Vanquished Creatures
  An ooze (D:1)
  2 dart slugs (D:1)
  A giant gecko (D:1)
  2 bats (D:1)
  2 giant cockroaches (D:1)
  2 goblins (D:1)
  A hobgoblin (D:1)
  2 jackals (D:1)
  5 kobolds (D:1)
  9 rats (D:1)
27 creatures vanquished.

Notes
Turn   | Place    | Note
--------------------------------------------------------------
     0 | D:1      | Geeful the Draconian Fire Elementalist began the quest for the Orb.
     0 | D:1      | Reached XP level 1. HP: 14/14 MP: 3/3
   339 | D:1      | Reached XP level 2. HP: 20/20 MP: 3/5
   810 | D:1      | Reached XP level 3. HP: 26/26 MP: 3/6
  1487 | D:$      | Got out of the dungeon alive.

Vault maps used:
D:1:      onia_arrival_larder

Action                   || total
-------------------------++-------
Throw: Stone             ||    28
 Cast: Flame Tongue      ||    46
  Eat: Chunk             ||     2
